 Dungeon Crawl Stone Soup version 0.29.1 (webtiles) character file.

Game seed: 14423800779720634677

58 smilodon the Trooper (level 3, 0/29 HPs)
             Began as a Demonspawn Fighter on Sept 12, 2022.
             Succumbed to an adder's poison
             ... on level 3 of the Dungeon.
             The game lasted 00:02:24 (1968 turns).

smilodon the Trooper (Demonspawn Fighter)           Turns: 1968, Time: 00:02:25

Health: 0/29       AC:  8    Str: 14      XL:     3   Next: 75%
Magic:  3/3        EV:  9    Int: 10 (11) God:
Gold:   123        SH:  5    Dex:  9 (12) Spells: 2/2 levels left

rFire   . . .      SeeInvis .   a - +0 long sword
rCold   . . .      Faith    .   c - +1 buckler
rNeg    . . .      Spirit   .   b - +0 scale mail
rPois   .          Reflect  .   (no helmet)
rElec   .          Harm     .   (no cloak)
rCorr   .          Rampage  .   (no gloves)
Will    .....                   (no boots)
Stlth   ..........              (no amulet)
HPRegen 0.09/turn               (no ring)
MPRegen 0.16/turn               (no ring)

@: mighty, lethally poisoned (0 -> -6)
A: thin metallic scales 1, magic regeneration, talons 1, sense surroundings 1,
weak 1, evolution 1
a: no special abilities


You were on level 3 of the Dungeon.
You visited 1 branch of the dungeon, and saw 3 of its levels.

You collected 123 gold pieces.

Inventory:

Hand Weapons
 a - a +0 long sword (weapon)
Armour
 b - a +0 scale mail (worn)
 c - a +1 buckler (worn)
Jewellery
 f - an amulet of regeneration
 h - a ring of fire
Scrolls
 e - a scroll of identify
 i - a scroll of magic mapping
 j - a scroll of poison


   Skills:
 + Level 3.5 Fighting
 + Level 2.3 Long Blades
 - Level 2.8 Armour
 * Level 1.5 Dodging
 - Level 2.8 Shields


You had 2 spell levels left.
You didn't know any spells.
Your spell library was empty.

Dungeon Overview and Level Annotations

Branches:
Dungeon (3/15)

Altars:

Annotations:
D:3 Sigmund


Innate Abilities, Weirdness & Mutations

You are partially covered in thin metallic scales. (AC +2)
You regenerate magic rapidly.
You have sharp toenails.
You passively map a small area around you.
You are weak. (Str -2)
You have hidden genetic potential.


Message History

Things that are here:
a +0 whip; a stone; a kobold corpse An adder comes into view.
An adder is nearby!
A quokka comes into view.
The adder hisses angrily.
Found a scroll of magic mapping.
Sigmund the Dreaded comes into view.
He is wielding a +1 scythe of flaming.
Found a rapier.
The adder barely misses you.
The quokka bites you but does no damage.
You hit the adder. Your kick misses the adder.
The adder is heavily wounded.
The adder bites you. The quokka closely misses you.
The adder bites you but does no damage.
You closely miss the adder.
The adder is heavily wounded.
The quokka bites you but does no damage.
The adder barely misses you.
Sigmund casts a spell.
Sigmund flickers and vanishes!
Deactivating autopickup; reactivate with Ctrl-A.
The quokka bites you. The adder closely misses you.
You feel very mighty all of a sudden. Something hits you! Something burns you.
The quokka barely misses you. The adder closely misses you.
You closely miss the adder. Your kick misses the adder.
The adder is heavily wounded.
The quokka barely misses you. The adder bites you but does no damage.
Something hits you.
* * * LOW HITPOINT WARNING * * *
Something burns you.
* * * LOW HITPOINT WARNING * * *
You block the quokka's attack. The adder bites you.
* * * LOW HITPOINT WARNING * * *
Okay, then.
The adder attacks as you move away! The adder bites you.
* * * LOW HITPOINT WARNING * * *
You are lethally poisoned!
The adder poisons you!
You die...

, ,#.....)... ###..# ,,
.##........ ,, ......
............. .#>#.# **
.##........... .,.....# ,
, , ......#..##..# ..
...... ...?.{...##..##.
...... , ......Sr.......
, ....... *#.##..##..# ,
...#..## * ,
##....@##..##.....#...# ,
.........................
........###.##......#...#
*
...#....................#
,..
#.#..###.###...#.#...# *
. #.#..# #.# #...#.#...#
, ###..# #.###...#.#....
,... *#..)...........
#####.#.#.#....


You could see an adder and a quokka.

Vanquished Creatures
  An adder (D:3)
  3 worms (D:2)
  A dart slug (D:2)
  4 endoplasms
  3 giant cockroaches (D:1)
  4 hobgoblins (D:1)
  6 jackals (D:2)
  A quokka (D:1)
  2 ball pythons
  5 goblins
  2 kobolds (D:3)
32 creatures vanquished.

Notes
Turn   | Place    | Note
-------+----------+-------------------------------------------
     0 | D:1      | smilodon the Demonspawn Fighter began the quest for the
                  | Orb.
     0 | D:1      | Reached XP level 1. HP: 18/18 MP: 1/1
   149 | D:1      | Found a faded altar of an unknown god.
   214 | D:1      | Gained mutation: You regenerate magic rapidly. [demonic
                  | ancestry]
   214 | D:1      | Reached XP level 2. HP: 24/24 MP: 2/2
   823 | D:1      | Gained mutation: You are weak. (Str -2) [potion of
                  | mutation]
   823 | D:1      | Gained mutation: You passively map a small area around you.
                  | [potion of mutation]
   823 | D:1      | Gained mutation: You have hidden genetic potential. [potion
                  | of mutation]
  1142 | D:2      | Reached skill level 1 in Dodging
  1161 | D:2      | Gained mutation: You are partially covered in thin metallic
                  | scales. (AC +2) [demonic ancestry]
  1161 | D:2      | Reached XP level 3. HP: 27/29 MP: 3/3
  1265 | D:2      | Gained mutation: You have sharp toenails. [hidden
                  | potential]
  1962 | D:3      | Noticed Sigmund
  1968 | D:3      | Succumbed to an adder's poison

Illustrated notes

Levels and vault maps discovered:
D:1:      heliophobic_arrival_enchanted_forest, layout_loops_ring,
          shapermc_ecumenical_altar_pompeii
D:2:      layout_loops_ring
D:3:      layout_basic, serial_shops, nicolae_square_shop,
          minmay_strange_pillars, uniq_sigmund

Skill      XL: |  1  2 |
---------------+-------+-----
Long Blades    | 2 |  2.3
Dodging        | 1 |  1.5
Fighting       | |  3.5
Armour         | |  2.8
Shields        | |  2.8

Action                   || total
-------------------------++-------
Melee: Long sword        ||    98
       Kick              ||     2
  Use: Potion            ||     6
       Scroll            ||     4
Armor: Scale mail        ||    52
Dodge: Dodged            ||    43
Block: Buckler           ||    23
